 Seeded DCSS version 0.27.1-37-g7b29ead8ac (webtiles) character file.

Game seed: 4581088978801968933 (custom seed)

818 cbfl8 the Chopper (level 7, 0/60 HPs)
             Began as a Minotaur Gladiator on June 2, 2023.
             Was a Follower of Yredelemnul.
             Slain by an ogre (20 damage)
             ... on level 6 of the Dungeon.
             The game lasted 00:04:23 (4695 turns).

cbfl8 the Chopper (Minotaur Gladiator)              Turns: 4695, Time: 00:04:25

Health: 0/60       AC:  7    Str: 18    XL:     7   Next: 62%
Magic:  6/6        EV: 13    Int: 15    God:    Yredelemnul [*.....]
Gold:   468        SH:  0    Dex: 19    Spells: 6/6 levels left

rFire    + + +     SeeInvis .   a - +0 war axe (venom)
rCold    . . .     Faith    .   (no shield)
rNeg     . . .     Spirit   .   o - +1 ring mail of Protective Custody {Drain rF+++ Int+4 Dex+3}
rPois    +         Reflect  .   c - +0 hat
rElec    +         Harm     .   (no cloak)
rCorr    +         Rampage  .   (no gloves)
Will     +....                  (no boots)
Stlth    +.........             (no amulet)
HPRegen  0.20/turn              f - +6 ring of intelligence
MPRegen  0.10/turn              h - ring of Insomnia {rElec rPois Will+ rCorr Dex+2}

@: no status effects
A: horns 2, retaliatory headbutt
a: Renounce Religion, Animate Remains


You were on level 6 of the Dungeon.
You worshipped Yredelemnul.
Yredelemnul was aware of your devotion.
You visited 1 branch of the dungeon, and saw 6 of its levels.

You collected 996 gold pieces.
You spent 528 gold pieces at shops.

Inventory:

Hand Weapons
 a - a +0 war axe of venom (weapon)
Missiles
 d - 3 throwing nets (quivered)
Armour
 c - a +0 hat (worn)
 o - the +1 ring mail of Protective Custody (worn) {Drain rF+++ Int+4 Dex+3}
   (You found it on level 6 of the Dungeon)

   Int:       It affects your intelligence (+4).
   Dex:       It affects your dexterity (+3).
   rF:        It renders you almost immune to fire.
   Drain:     It drains your maximum health when unequipped.
Jewellery
 f - a +6 ring of intelligence (left hand)
 h - the ring of Insomnia (right hand) {rElec rPois Will+ rCorr Dex+2}
   (You bought it in a shop on level 4 of the Dungeon)

   [ring of resist corrosion]

   Dex:       It affects your dexterity (+2).
   rElec:     It insulates you from electricity.
   rPois:     It protects you from poison.
   rCorr:     It protects you from acid and corrosion.
   Will:      It increases your willpower.
Scrolls
 b - 2 scrolls of summoning {unknown}
 k - 4 scrolls of identify {unknown}
 l - 2 scrolls of fear {unknown}
 m - a scroll of holy word {unknown}
 n - a scroll of fog {unknown}
Potions
 e - 3 potions of curing {unknown}
 i - a potion of mutation {unknown}
 j - a potion of magic {unknown}


   Skills:
 + Level 4.5 Fighting
 + Level 7.0 Axes
 - Level 2.0 Throwing
 * Level 5.2 Armour
 + Level 4.1 Dodging
 + Level 0.5 Stealth
 * Level 2.6 Evocations


You had 6 spell levels left.
You didn't know any spells.
Your spell library contained the following spells:

 Spells                   Type           Power      Damage    Failure   Level
 Beastly Appendage        Tmut           0%         N/A       41%         1
 Ensorcelled Hibernation  Hex/Ice        0%         N/A       56%         2
 Slow                     Hex            0%         N/A       56%         2
 Wereblood                Tmut           0%         N/A       56%         2
 Confusing Touch          Hex            0%         N/A       80%         3
 Conjure Flame            Conj/Fire      0%         6-21      80%         3
 Ignite Poison            Fire/Tmut/Pois 0%         N/A       80%         3
 Spider Form              Tmut/Pois      0%         N/A       80%         3
 Vampiric Draining        Necr           0%         2d6       80%         3
 Sticky Flame             Conj/Fire      0%         2d3       99%         4
 Shadow Creatures         Summ           N/A        N/A       100%        6


Dungeon Overview and Level Annotations

Branches:
Dungeon (6/15)             Temple (0/1) D:5

Altars:
Ru
Vehumet
Yredelemnul

Shops:
D:4 ==

Annotations:
D:2 1 runed translucent door, Crazy Yiuf


Innate Abilities, Weirdness & Mutations

You have a pair of horns on your head.
You reflexively headbutt those who attack you in melee.


Message History

The bullfrog skeleton closely misses you.
You furiously retaliate!
You headbutt the bullfrog skeleton, but do no damage.
The bullfrog skeleton barely misses you.
You hit the bullfrog skeleton.
The bullfrog skeleton is almost destroyed.
The bullfrog skeleton misses you.
You hit the bullfrog skeleton.
You destroy the bullfrog skeleton!
Yredelemnul accepts your kill.
Your Axes skill increases to level 7!
No target in view!
You see here a hound corpse.
You attempt to give life to the dead...
The dead are walking!
HP restored.
Magic restored.
l - 2 scrolls labelled ERAUTTANUPN (gained 1)
You swap places.
Key pressed, stopping explore.
No target in view!
An ogre comes into view. It is wielding a +0 giant club.
An ogre is nearby!
The ogre hits you with a +0 giant club!!
An ogre is nearby!
You hit the ogre.
The ogre is poisoned.
The ogre is moderately wounded.
The ogre hits you with a +0 giant club!
Your hound zombie bites the ogre.
You are too injured to fight recklessly!
You are too injured to fight recklessly!
You are too injured to fight recklessly!
You hit the ogre but do no damage.
The ogre looks as sick as possible!
The ogre is heavily wounded.
Your hound zombie bites the ogre but does no damage.
The ogre barely misses your hound zombie.
You hit the ogre.
The ogre looks as sick as possible!
The ogre is severely wounded.
Your hound zombie barely misses the ogre. x2
The ogre hits you with a +0 giant club!!
You die...
Your body rises from the dead as a mindless zombie.

#.......##...##.###
##......##.[..#.##
###.##..#..#.......##
#..####.##..........###.
..## #.###.............
.## #.# #.(..........#
.## #.###.#.........##
..## ##.##.###..........
#..###....Z###..@.......
###.##....###..#ZO......
##......Z#..####...... #
#.####.....## ......
.##.# ##....####..#....
....## ##......... .#..
.....## #.##....## . .
......## #.####.## .
.......###......#


You could see an ogre (extremely poisoned, ally target) and a friendly hound
zombie.

Vanquished Creatures
  A water moccasin (D:5)
  A black bear (D:4)
  2 ogres
  A water moccasin zombie (D:5)
  A scorpion (D:4)
  A water moccasin skeleton (D:5)
  A centaur zombie (D:6)
  A bullfrog zombie (D:5)
  2 hounds
  2 bullfrog skeletons
  6 adders
  An adder zombie (D:5)
  2 dart slugs
  4 orcs
  5 ball pythons
  A bat (D:1)
  4 endoplasms
  3 giant cockroaches
  4 hobgoblins
  5 quokkas
  2 frilled lizards
  3 goblins
  2 kobolds (D:1)
  7 rats
62 creatures vanquished.

Notes
Turn   | Place    | Note
-------+----------+-------------------------------------------
     0 | D:1      | cbfl8 the Minotaur Gladiator began the quest for the Orb.
     0 | D:1      | Reached XP level 1. HP: 18/18 MP: 0/0
   142 | D:1      | Reached skill level 4 in Axes
   208 | D:1      | Found a faded altar of an unknown god.
   212 | D:1      | Reached XP level 2. HP: 24/25 MP: 1/1
   584 | D:1      | Reached skill level 1 in Armour
  1092 | D:2      | Found a basalt altar of Yredelemnul.
  1116 | D:2      | Became a worshipper of Yredelemnul the Dark
  1127 | D:2      | Reached XP level 3. HP: 30/30 MP: 2/2
  1655 | D:2      | Found a runed translucent door.
  1656 | D:2      | Noticed Crazy Yiuf
  2044 | D:3      | Reached XP level 4. HP: 37/38 MP: 3/3
  2045 | D:3      | Reached * piety under Yredelemnul
  2371 | D:4      | Noticed a scorpion
  2380 | D:4      | Killed a scorpion
  2381 | D:4      | Reached skill level 5 in Axes
  2381 | D:4      | Reached skill level 1 in Evocations
  2381 | D:4      | Reached XP level 5. HP: 32/45 MP: 4/4
  2746 | D:4      | Found Riuf's Jewellery Boutique.
  2882 | D:4      | Noticed a black bear
  2888 | D:4      | Killed a black bear
  2889 | D:4      | Reached XP level 6. HP: 41/51 MP: 5/5
  2889 | D:4      | Identified a scroll of acquirement
  2889 | D:4      | Acquired 685 gold pieces
  2925 | D:4      | Bought the ring of Insomnia {rElec rPois Will+ rCorr Dex+2}
                  | for 528 gold pieces
  3269 | D:4      | Found Lagg's Jewellery Shop.
  3409 | D:5      | Entered Level 5 of the Dungeon
  3459 | D:5      | Identified the +2 leather armour "Poqekeudgh" {rN+}
  3470 | D:5      | Noticed a water moccasin
  3479 | D:5      | Killed a water moccasin
  3480 | D:5      | Reached skill level 6 in Axes
  4017 | D:5      | Reached XP level 7. HP: 51/58 MP: 6/6
  4135 | D:5      | Reached skill level 5 in Armour
  4226 | D:5      | Found a staircase to the Ecumenical Temple.
  4509 | D:5      | Found a sacrificial altar of Ru.
  4509 | D:5      | Found a radiant altar of Vehumet.
  4588 | D:6      | Identified the +1 ring mail of Protective Custody {Drain
                  | rF+++ Int+4 Dex+3}
  4645 | D:6      | Reached skill level 7 in Axes
  4695 | D:6      | Slain by an ogre

Illustrated notes

Levels and vault maps discovered:
D:1:      lightli_arrival_lavapool, layout_basic, ebering_ecumenical_altar_ruins
D:2:      layout_loops_ring, basic_altar, uniq_crazy_yiuf_cottage
D:3:      layout_rooms, st_stairs_3
D:4:      layout_basic, serial_shops, shop_coins, shop, small_statue_alley_b
D:5:      layout_basic, gammafunk_temple_overflow_elements, temple_fountains,
          nrook_pool_corridor
D:6:      layout_layer_cave, gammafunk_ghost_icy

Skill      XL: |  1  2  3  4  5  6  7 |
---------------+----------------------+-----
Axes           | 4 5 6 7 |  7.0
Armour         | 1 2 3 4 5 |  5.2
Fighting       | 3 4 |  4.5
Evocations     | 1 2 |  2.6
Dodging        | 4 |  4.1
Throwing       | |  2.0
Stealth        | |  0.5

Action                   |  1- 3 |  4- 6 |  7- 9 || total
-------------------------+-------+-------+-------++-------
Melee: War axe           |    82 |    44 |    36 ||   162
       Headbutt          |    16 |     7 |     4 ||    27
Invok: Animate Remains   |       |       |     1 ||     1
  Use: Scroll            |     3 |     1 |       ||     4
Armor: Leather armour    |    13 |       |       ||    13
       Ring mail         |    19 |    12 |    10 ||    41
Dodge: Dodged            |    62 |    33 |    30 ||   125
